[Event "Asian Continental-ch Women 2019"]
[Site "XingTai"]
[Date "2019.06.10"]
[Round "4.21"]
[White "Li, Xueyi"]
[Black "Munkhzul, Turmunkh"]
[Result "1-0"]
[ECO "E62"]
[WhiteElo "2305"]
[BlackElo "2371"]
[Annotator "NA"]
[PlyCount "117"]
[EventDate "2019.06.06"]
[EventType "swiss"]
[EventCountry "CHN"]
[SourceTitle "playchess.com"]
[Source "ChessBase"]
[SourceQuality "1"]
[TimeControl "40/5400+30:1800+30"]

1. d4 Nf6 2. c4 g6 3. Nc3 Bg7 4. Nf3 O-O 5. g3 d6 6. Bg2 c6 7. O-O Bf5 8. Re1 Ne4 9. Qb3 Qb6 10. Nh4 Nxc3 11. Nxf5 gxf5 12. bxc3 Qxb3 13. axb3 Nd7 14. Ba3 Rfd8 15. e3 Nf6 16. b4 Ne4 17. g4 Nd2 18. gxf5 Nxc4 19. Bc1 d5 20. f3 Kh8 21. e4 dxe4 22. Bf1 Nb6 23. fxe4 Rg8 24. Kh1 Bf6 25. Bd3 Bh4 26. Rf1 Rg4 27. Be3 Nd7 28. e5 a6 29. Rg1 Rag8 30. Rxg4 Rxg4 31. c4 Rg8 32. Be2 Rd8 33. Kg2 f6 34. e6 Nf8 35. Kf3 Bg5 36. Rg1 h6 37. Rg4 a5 38. bxa5 Ra8 39. h4 Bxe3 40. Kxe3 Rxa5 41. Bd3 b6 42. Rg1 b5 43. cxb5 cxb5 44. Rb1 Ra6 45. d5 Kg7 46. Rxb5 Ra7 47. Rb8 Rc7 48. Re8 Nh7 49. Bb5 h5 50. Bd7 Nf8 51. Rxe7+ Kh6 52. Re8 Nxd7 53. d6 Ra7 54. e7 Kg7 55. Rd8 Ra5 56. e8=Q Re5+ 57. Qxe5 Nxe5 58. d7 Nf7 59. Re8 1-0

[Event "Asian Continental-ch Women 2019"]
[Site "XingTai"]
[Date "2019.06.10"]
[Round "4.22"]
[White "Karavade, Eesha"]
[Black "Hoang, Thi Bao Tram"]
[Result "1/2-1/2"]
[ECO "D13"]
[WhiteElo "2370"]
[BlackElo "2293"]
[Annotator "NA"]
[PlyCount "55"]
[EventDate "2019.06.06"]
[EventType "swiss"]
[EventCountry "CHN"]
[SourceTitle "playchess.com"]
[Source "ChessBase"]
[SourceQuality "1"]
[TimeControl "40/5400+30:1800+30"]

1. d4 d5 2. c4 c6 3. cxd5 cxd5 4. Bf4 Nc6 5. e3 Nf6 6. Nc3 e6 7. Bd3 Bd6 8. Bxd6 Qxd6 9. Nf3 O-O 10. O-O Bd7 11. Qe2 Rac8 12. Rfc1 Rfe8 13. h3 a6 14. Qd1 Rc7 15. Na4 Nb4 16. Rxc7 Qxc7 17. Nc5 Nxd3 18. Nxd3 b6 19. Rc1 Qb7 20. Qb3 Rc8 21. Rxc8+ Bxc8 22. Qc2 Bd7 23. Nde5 Be8 24. Nd2 Nd7 25. Nxd7 Bxd7 26. h4 Qc6 27. Qxc6 Bxc6 28. Kh2 1/2-1/2

[Event "Asian Continental-ch Women 2019"]
[Site "XingTai"]
[Date "2019.06.10"]
[Round "4.23"]
[White "Vo, Thi Kim Phung"]
[Black "Pham, Le Thao Nguyen"]
[Result "1/2-1/2"]
[ECO "E11"]
[WhiteElo "2337"]
[BlackElo "2370"]
[Annotator "NA"]
[PlyCount "30"]
[EventDate "2019.06.06"]
[EventType "swiss"]
[EventCountry "CHN"]
[SourceTitle "playchess.com"]
[Source "ChessBase"]
[SourceQuality "1"]
[TimeControl "40/5400+30:1800+30"]

1. d4 Nf6 2. Nf3 e6 3. c4 Bb4+ 4. Bd2 Qe7 5. e3 b6 6. Bd3 Bb7 7. O-O O-O 8. Nc3 d6 9. Qc2 Nbd7 10. Rfe1 c5 11. a3 Bxc3 12. Bxc3 e5 13. dxe5 dxe5 14. e4 Ne8 15. Rad1 Nc7 1/2-1/2

[Event "Asian Continental-ch Women 2019"]
[Site "XingTai"]
[Date "2019.06.10"]
[Round "4.24"]
[White "Ren, Xiaoyi"]
[Black "Vaishali R"]
[Result "1/2-1/2"]
[ECO "E11"]
[WhiteElo "2255"]
[BlackElo "2338"]
[Annotator "NA"]
[PlyCount "168"]
[EventDate "2019.06.06"]
[EventType "swiss"]
[EventCountry "CHN"]
[SourceTitle "playchess.com"]
[Source "ChessBase"]
[SourceQuality "1"]
[TimeControl "40/5400+30:1800+30"]

1. d4 Nf6 2. c4 e6 3. Nf3 Bb4+ 4. Bd2 Qe7 5. a3 Bxd2+ 6. Nbxd2 d6 7. e4 e5 8. d5 a5 9. b4 O-O 10. g3 axb4 11. axb4 Rxa1 12. Qxa1 Na6 13. Qc3 Qe8 14. Bd3 Qa4 15. b5 Qb4 16. Qxb4 Nxb4 17. Bb1 Bg4 18. h3 Bxf3 19. Nxf3 Ra8 20. Kd2 Nd7 21. Nh4 Nc5 22. f4 Ra3 23. b6 cxb6 24. Nf5 f6 25. Rg1 Rb3 26. Nxd6 Rb2+ 27. Ke3 Nb3 28. fxe5 fxe5 29. Nb5 Kf8 30. Rd1 Ke7 31. Bd3 Nc5 32. Bb1 Nc2+ 33. Bxc2 Rxc2 34. d6+ Kd7 35. Rd5 Rxc4 36. Rxe5 Kc6 37. g4 Rb4 38. Nd4+ Kxd6 39. Rd5+ Ke7 40. Nf5+ Kf7 41. Nd4 g6 42. h4 Rb1 43. Nf3 Rb3+ 44. Kf4 Ne6+ 45. Ke5 Ke7 46. Nd4 Nxd4 47. Rxd4 Rb5+ 48. Kf4 Rc5 49. Ra4 Kd6 50. Rd4+ Ke6 51. Ra4 Rc6 52. Rb4 Kd6 53. Rb5 Kc7 54. Rb4 Rc5 55. Rd4 b5 56. Rd3 Kc6 57. e5 Rd5 58. Re3 Kd7 59. Kg5 Ke6 60. Kh6 Rd4 61. Rg3 Rd7 62. Rb3 Kxe5 63. Rxb5+ Kd4 64. Rb1 Kc3 65. Rb6 Kc4 66. Rb1 b5 67. Rc1+ Kb4 68. h5 gxh5 69. gxh5 Ka3 70. Ra1+ Kb2 71. Rg1 b4 72. Rg7 Rd5 73. Rxh7 Rb5 74. Rf7 b3 75. Rf3 Kc2 76. Kg6 b2 77. Rf2+ Kd3 78. Rxb2 Rxb2 79. h6 Rg2+ 80. Kf7 Rh2 81. Kg7 Ke4 82. h7 Rg2+ 83. Kf7 Rh2 84. Kg7 Ke5 1/2-1/2

[Event "Asian Continental-ch Women 2019"]
[Site "XingTai"]
[Date "2019.06.10"]
[Round "4.25"]
[White "Mahalakshmi, M."]
[Black "Li, Yunshan"]
[Result "1/2-1/2"]
[ECO "D17"]
[WhiteElo "2245"]
[BlackElo "2264"]
[Annotator "NA"]
[PlyCount "68"]
[EventDate "2019.06.06"]
[EventType "swiss"]
[EventCountry "CHN"]
[SourceTitle "playchess.com"]
[Source "ChessBase"]
[SourceQuality "1"]
[TimeControl "40/5400+30:1800+30"]

1. d4 d5 2. c4 c6 3. Nf3 Nf6 4. Nc3 dxc4 5. a4 Bf5 6. Ne5 Nbd7 7. Nxc4 Nb6 8. Ne5 a5 9. f3 Nfd7 10. Nxd7 Bxd7 11. e4 e6 12. Be2 Bd6 13. O-O O-O 14. e5 Be7 15. Be3 Nd5 16. Nxd5 cxd5 17. Qb3 Rb8 18. f4 b5 19. axb5 Bxb5 20. Bxb5 Qb6 21. Qc3 Qxb5 22. Rxa5 Qxb2 23. Qxb2 Rxb2 24. Ra7 Bd8 25. f5 Bb6 26. Re7 exf5 27. Rxf5 Re2 28. Rb7 Rxe3 29. Rxb6 Re4 30. Rb4 h6 31. h3 Re8 32. Rb7 Rf8 33. Rb4 Re8 34. Rb7 Rf8 1/2-1/2

[Event "Asian Continental-ch Women 2019"]
[Site "XingTai"]
[Date "2019.06.11"]
[Round "5.18"]
[White "Saduakassova, Dinara"]
[Black "Sukandar, Irine Kharisma"]
[Result "1/2-1/2"]
[ECO "E05"]
[WhiteElo "2458"]
[BlackElo "2378"]
[Annotator "RC"]
[PlyCount "189"]
[EventDate "2019.06.06"]
[EventType "swiss"]
[EventCountry "CHN"]
[SourceTitle "playchess.com"]
[Source "ChessBase"]
[SourceQuality "1"]
[TimeControl "40/5400+30:1800+30"]

1. d4 Nf6 2. c4 e6 3. g3 d5 4. Nf3 Be7 5. Bg2 O-O 6. O-O dxc4 7. Qc2 b6 8. Bg5 Nd5 9. Bxe7 Qxe7 10. Nbd2 b5 11. b3 c3 12. Nb1 b4 13. a3 Nc6 14. axb4 Ncxb4 15. Qc1 Ba6 16. Re1 c2 17. Na3 Nc3 18. Qd2 c1=Q 19. Raxc1 Nba2 20. Ra1 Qxa3 21. Qxc3 Nxc3 22. Rxa3 Bb7 23. Ne5 Bxg2 24. Kxg2 Rfb8 25. e3 Nb5 26. Ra6 Rb6 27. Rea1 Rxa6 28. Rxa6 Rb8 29. Nd7 Rd8 30. Nc5 h6 31. f4 Rd6 32. Ra5 Rb6 33. Kf3 g6 34. Nd7 Rb7 35. g4 Kg7 36. Nc5 Rb6 37. h4 Rb8 38. h5 Rb6 39. Nd7 Rb7 40. Ra6 gxh5 41. gxh5 Kh7 42. Ra1 Kh8 43. Nc5 Rb6 44. Ke4 Rd6 45. Ra5 c6 46. Kf3 Rd5 47. Kg4 Kg7 48. Ra6 Rd6 49. Nb7 Rd7 50. Nc5 Rd6 51. Nd3 Kf8 52. Ne5 Ke7 53. Rxc6 Rd8 54. Ra6 Rg8+ 55. Kf3 Rg1 56. Ra5 a6 57. Rxa6 Rb1 58. Nc6+ Kf6 59. b4 Rb3 60. Ra5 Nd6 61. Ra7 Kg7 62. Kf2 Ne4+ 63. Ke2 Nc3+ 64. Kd2 Ne4+ 65. Ke2 Nc3+ 66. Kf1 Nd5 67. e4 Nxf4 68. Ne5 Rb1+ 69. Kf2 Nh3+ 70. Ke3 Rb3+ 71. Ke2 Ng5 72. Rb7 Kg8 73. b5 Nxe4 74. Nxf7 Rxb5 75. Nxh6+ Kf8 76. Rxb5 Nc3+ 77. Ke3 Nxb5 78. Ke4 Kg7 79. Ng4 Nc3+ 80. Ke5 Ne2 81. h6+ Kg6 82. Ke4 Ng3+ 83. Kf4 Ne2+ 84. Ke5 Kh7 85. Ke4 Kg6 86. Kd3 Ng3 87. Ke3 Nf5+ 88. Ke4 Ng3+ 89. Kf4 Ne2+ 90. Ke5 Kh7 91. Kxe6 Nxd4+ 92. Kf6 Nf3 93. Ne5 Nxe5 94. Kxe5 Kxh6 95. Ke4 1/2-1/2

[Event "Asian Continental-ch Women 2019"]
[Site "XingTai"]
[Date "2019.06.11"]
[Round "5.20"]
[White "Pham, Le Thao Nguyen"]
[Black "Li, Xueyi"]
[Result "0-1"]
[ECO "D11"]
[WhiteElo "2370"]
[BlackElo "2305"]
[Annotator "NA RC"]
[PlyCount "138"]
[EventDate "2019.06.06"]
[EventType "swiss"]
[EventCountry "CHN"]
[SourceTitle "playchess.com"]
[Source "ChessBase"]
[SourceQuality "1"]
[TimeControl "40/5400+30:1800+30"]

1. d4 d5 2. Nf3 Nf6 3. g3 Bf5 4. Bg2 e6 5. O-O h6 6. c4 c6 7. Qb3 Qb6 8. c5 Qa6 {[%emt 0:01:02] D11: Slav Defence: 3 Nf3 sidelines and 3...Nf6 4 e3 Bg4} 9. Re1 b6 10. cxb6 axb6 11. Nc3 Be7 12. Ne5 O-O $146 ({Predecessor:} 12... Bh7 13. e4 Ra7 14. exd5 exd5 15. Nxc6 Nxc6 16. Nxd5 Nxd5 17. Qxd5 {½-½ (47) Stefanova,A (2365)-Skomorokhin,R (2450) Groningen 1996}) 13. Bf4 c5 14. dxc5 bxc5 15. e4 Nxe4 {[%emt 0:01:22] [#]} (15... dxe4 $11 16. f3 (16. Bxe4 Nxe4 17. Nxe4 f6 $17) 16... Nbd7 17. Nxd7 Nxd7) 16. Nxe4 ({And not} 16. Bxe4 dxe4 17. g4 Bh7 $17) (16. Nxd5 $1 $16 exd5 17. Qxd5) 16... Bxe4 17. Bxe4 dxe4 18. Rxe4 Nc6 19. Nxc6 Qxc6 20. Rae1 Bf6 21. a3 Qd5 22. Qc2 Bd4 23. Be5 Rfd8 24. Qe2 Ra7 25. Rg4 Bxe5 26. Qxe5 Qxe5 27. Rxe5 Rd1+ 28. Kg2 Rd2 29. Rxc5 Rxb2 30. a4 Ra2 31. Rcc4 $15 e5 32. Rge4 f6 33. h4 Rd7 34. Re3 Rdd2 35. Rf3 Re2 36. Rc8+ Kf7 37. Rc7+ Ke6 38. Rxg7 e4 39. Rf4 e3 40. g4 Rxf2+ 41. Rxf2 Rxf2+ 42. Kg1 Ra2 43. Kf1 Ke5 44. Rg6 Rf2+ 45. Ke1 Ke4 46. Rxh6 f5 47. gxf5 Kf3 48. Re6 Ra2 49. Kd1 e2+ 50. Ke1 Ra1+ 51. Kd2 Rd1+ 52. Kc3 e1=Q+ 53. Rxe1 Rxe1 54. Kd4 Kg4 55. f6 Rf1 56. a5 Kf5 57. a6 Kxf6 58. Kc5 Ke7 59. Kc6 Ra1 60. Kb7 Kd7 61. a7 Rb1+ 62. Ka6 Kc7 63. a8=N+ Kc6 64. Ka7 Rb7+ 65. Ka6 Rb4 66. Ka7 Ra4+ 67. Kb8 Rxh4 68. Ka7 Rh7+ 69. Kb8 Rg7 0-1

[Event "Asian Continental-ch Women 2019"]
[Site "XingTai"]
[Date "2019.06.11"]
[Round "5.22"]
[White "Zhai, Mo"]
[Black "Mahalakshmi, M."]
[Result "1/2-1/2"]
[ECO "E11"]
[WhiteElo "2358"]
[BlackElo "2245"]
[Annotator "RC"]
[PlyCount "76"]
[EventDate "2019.06.06"]
[EventType "swiss"]
[EventCountry "CHN"]
[SourceTitle "playchess.com"]
[Source "ChessBase"]
[SourceQuality "1"]
[TimeControl "40/5400+30:1800+30"]

1. d4 Nf6 2. c4 e6 3. Nf3 Bb4+ 4. Bd2 a5 5. g3 d6 6. Bg2 Nbd7 7. O-O e5 8. e3 c6 9. Bc1 e4 10. Ng5 d5 11. c5 h6 12. Nh3 a4 13. a3 Ba5 14. Qxa4 Nf8 15. b4 Bxh3 16. Bxh3 Bc7 17. Qd1 h5 18. f4 exf3 19. Qxf3 h4 20. Bf5 hxg3 21. hxg3 Ne6 22. Bxe6 fxe6 23. Ra2 Rh3 24. Rh2 Rxg3+ 25. Qxg3 Bxg3 26. Rh8+ Kd7 27. Rxd8+ Rxd8 28. Nc3 Rh8 29. e4 dxe4 30. Bg5 Bh4 31. Bxf6 Bxf6 32. Nxe4 Bxd4+ 33. Kg2 Be5 34. Rf7+ Kc8 35. Re7 Rh2+ 36. Kf1 Rh4 37. Nd6+ Bxd6 38. cxd6 Rd4 1/2-1/2

[Event "Asian Continental-ch Women 2019"]
[Site "XingTai"]
[Date "2019.06.12"]
[Round "6.18"]
[White "Li, Xueyi"]
[Black "Kulkarni Bhakti"]
[Result "1/2-1/2"]
[ECO "E04"]
[WhiteElo "2305"]
[BlackElo "2380"]
[Annotator "NA"]
[PlyCount "70"]
[EventDate "2019.06.06"]
[EventType "swiss"]
[EventCountry "CHN"]
[SourceTitle "playchess.com"]
[Source "ChessBase"]
[SourceQuality "1"]
[TimeControl "40/5400+30:1800+30"]

1. d4 d5 2. c4 e6 3. Nf3 Nf6 4. g3 dxc4 5. Bg2 Bd7 6. Ne5 Bc6 7. Nxc6 Nxc6 8. O-O Qd7 9. e3 O-O-O 10. Nd2 e5 11. Nxc4 Qe6 12. Qa4 exd4 13. Bxc6 Qxc6 14. Qxc6 bxc6 15. exd4 Rxd4 16. b3 Bc5 17. Be3 Rd5 18. Bxc5 Rxc5 19. Rac1 Re8 20. b4 Rb5 21. a3 c5 22. Rc2 Re6 23. Na5 cxb4 24. axb4 Rxb4 25. Rfc1 Ne8 26. Nc6 Rb6 27. Rc5 a6 28. f4 Re2 29. Rd5 Kb7 30. Na5+ Ka8 31. Rd8+ Rb8 32. Rd7 Rbb2 33. Rd8+ Rb8 34. Rd7 Rbb2 35. Rd8+ Rb8 1/2-1/2

[Event "Asian Continental-ch Women 2019"]
[Site "XingTai"]
[Date "2019.06.12"]
[Round "6.19"]
[White "Vo, Thi Kim Phung"]
[Black "Saduakassova, Dinara"]
[Result "0-1"]
[ECO "D85"]
[WhiteElo "2337"]
[BlackElo "2458"]
[Annotator "ChessBase"]
[PlyCount "124"]
[EventDate "2019.06.06"]
[EventType "swiss"]
[EventCountry "CHN"]
[SourceTitle "playchess.com"]
[Source "ChessBase"]
[SourceQuality "1"]
[TimeControl "40/5400+30:1800+30"]

1. d4 Nf6 2. c4 g6 3. Nc3 d5 4. cxd5 Nxd5 5. Qa4+ Nc6 6. Nf3 Bg7 7. e3 O-O 8. Nxd5 Qxd5 9. Qb5 Qd6 10. Be2 e5 11. dxe5 Nxe5 12. O-O c6 13. Qb3 Bg4 14. e4 Qe6 15. Qxe6 Nxf3+ 16. Bxf3 Bxe6 17. a4 Rfd8 18. a5 Bc4 19. Re1 Bb5 20. e5 Rd4 21. g3 Rb4 22. Ra3 Re8 23. Bd2 Rxb2 24. Bc3 Rc2 25. Be4 Re2 26. Rxe2 Bxe2 27. a6 Bf8 28. Rb3 Bxa6 29. Bd4 f6 30. Rb1 Kf7 31. g4 fxe5 32. Bxa7 Rd8 33. Kg2 Rd7 34. Be3 Bc4 35. f4 exf4 36. Bxf4 Ke6 37. Kf2 Rf7 38. Kg3 Bd6 39. Bxd6 Kxd6 40. Kh4 Ke5 41. Bg2 h6 42. Re1+ Kd6 43. Be4 Rf6 44. g5 Rf4+ 45. Kg3 hxg5 46. Bxg6 b5 47. Rb1 c5 48. Rd1+ Rd4 49. Rg1 b4 50. Kf3 g4+ 51. Ke3 Be6 52. Ra1 Rc4 53. Rd1+ Ke5 54. Rf1 Rc3+ 55. Kd2 Rh3 56. Rf2 c4 57. Kc1 c3 58. Re2+ Kd6 59. Be4 b3 60. Kb1 Bc4 61. Re1 Rxh2 62. Rc1 Rb2+ 0-1

[Event "Asian Continental-ch Women 2019"]
[Site "XingTai"]
[Date "2019.06.12"]
[Round "6.20"]
[White "Sukandar, Irine Kharisma"]
[Black "Dauletova, Gulmira"]
[Result "1-0"]
[ECO "B48"]
[WhiteElo "2378"]
[BlackElo "2252"]
[Annotator "NA"]
[PlyCount "75"]
[EventDate "2019.06.06"]
[EventType "swiss"]
[EventCountry "CHN"]
[SourceTitle "playchess.com"]
[Source "ChessBase"]
[SourceQuality "1"]
[TimeControl "40/5400+30:1800+30"]

1. e4 c5 2. Nf3 e6 3. d4 cxd4 4. Nxd4 Nc6 5. Nc3 Qc7 6. Be3 a6 7. Qf3 Nf6 8. O-O-O Ne5 9. Qg3 b5 10. a3 Bb7 11. Bxb5 Rc8 12. Ba4 Nxe4 13. Nxe4 Bxe4 14. Bf4 Qc4 15. Bxe5 Qxa4 16. Rd2 h5 17. Re1 Bg6 18. Bd6 Qc4 19. Bxf8 Kxf8 20. Re3 Qc7 21. Qg5 Rh6 22. Rc3 Qb8 23. Rxc8+ Qxc8 24. Nc6 d5 25. Qe7+ Kg8 26. Qd6 Kh7 27. Ne7 Qa8 28. Rd4 a5 29. h4 Qe8 30. f3 Kh8 31. c4 Bh7 32. Qc7 Bg8 33. c5 f6 34. c6 e5 35. Qd7 Qa8 36. c7 Qa6 37. c8=Q Qf1+ 38. Rd1 1-0

[Event "Asian Continental-ch Women 2019"]
[Site "XingTai"]
[Date "2019.06.12"]
[Round "6.21"]
[White "Gu, Tianlu"]
[Black "Munguntuul, Batkhuyag"]
[Result "0-1"]
[ECO "B47"]
[WhiteElo "2183"]
[BlackElo "2420"]
[Annotator "NA"]
[PlyCount "68"]
[EventDate "2019.06.06"]
[EventType "swiss"]
[EventCountry "CHN"]
[SourceTitle "playchess.com"]
[Source "ChessBase"]
[SourceQuality "1"]
[TimeControl "40/5400+30:1800+30"]

1. e4 c5 2. Nf3 e6 3. g3 Nc6 4. Bg2 Nf6 5. Nc3 a6 6. O-O Qc7 7. d4 cxd4 8. Nxd4 h5 9. Nxc6 dxc6 10. Bg5 e5 11. Bxf6 gxf6 12. h4 Bc5 13. Qf3 Qe7 14. Nd1 Bg4 15. Qb3 O-O-O 16. Ne3 Rd2 17. Nxg4 hxg4 18. a3 Rhd8 19. Qc3 Ba7 20. b4 Re2 21. Rad1 Bxf2+ 22. Kh1 Kb8 23. Rd3 Rd4 24. Rb1 Qe6 25. Rxd4 exd4 26. Qd3 Re3 27. Qd2 Bxg3 28. Qxd4 Rxa3 29. Qd8+ Ka7 30. Qd4+ Ka8 31. h5 Be5 32. Qc5 Rc3 33. Qf8+ Bb8 34. h6 Qe5 0-1

[Event "Asian Continental-ch Women 2019"]
[Site "XingTai"]
[Date "2019.06.12"]
[Round "6.22"]
[White "Mahalakshmi, M."]
[Black "Munkhzul, Turmunkh"]
[Result "0-1"]
[ECO "D37"]
[WhiteElo "2245"]
[BlackElo "2371"]
[Annotator "NA"]
[PlyCount "76"]
[EventDate "2019.06.06"]
[EventType "swiss"]
[EventCountry "CHN"]
[SourceTitle "playchess.com"]
[Source "ChessBase"]
[SourceQuality "1"]
[TimeControl "40/5400+30:1800+30"]

1. d4 Nf6 2. c4 e6 3. Nc3 d5 4. Nf3 Be7 5. Bf4 O-O 6. e3 b6 7. cxd5 Nxd5 8. Nxd5 exd5 9. Bd3 c5 10. O-O Nc6 11. dxc5 bxc5 12. Ne5 Nxe5 13. Bxe5 Be6 14. Rc1 Qb6 15. Qe2 Rac8 16. h3 Rfd8 17. Rfd1 Bd6 18. Bxd6 Rxd6 19. b3 g6 20. e4 dxe4 21. Qxe4 Qa5 22. Qe2 Rcd8 23. Kh2 Qb4 24. Qc2 Rxd3 25. Rxd3 Rxd3 26. Qxd3 Qf4+ 27. Qg3 Qxc1 28. Qb8+ Kg7 29. Qe5+ Kf8 30. Qd6+ Ke8 31. Qb8+ Ke7 32. Qxa7+ Kf6 33. Qc7 Qc2 34. Qf4+ Qf5 35. Qd2 Qe5+ 36. Kg1 Qa1+ 37. Kh2 Qd4 38. Qc2 Bf5 0-1

[Event "Asian Continental-ch Women 2019"]
[Site "XingTai"]
[Date "2019.06.12"]
[Round "6.23"]
[White "Zhai, Mo"]
[Black "Vaishali R"]
[Result "1-0"]
[ECO "A57"]
[WhiteElo "2358"]
[BlackElo "2338"]
[Annotator "NA"]
[PlyCount "141"]
[EventDate "2019.06.06"]
[EventType "swiss"]
[EventCountry "CHN"]
[SourceTitle "playchess.com"]
[Source "ChessBase"]
[SourceQuality "1"]
[TimeControl "40/5400+30:1800+30"]

1. d4 Nf6 2. c4 c5 3. d5 b5 4. cxb5 a6 5. e3 axb5 6. Bxb5 Qa5+ 7. Nc3 Bb7 8. e4 Nxe4 9. Nge2 e6 10. O-O Be7 11. a4 Nxc3 12. Nxc3 O-O 13. Re1 Qc7 14. Qg4 Bf6 15. Bf4 Qb6 16. Qg3 exd5 17. Bc7 Qa7 18. a5 Na6 19. Bd6 Rfe8 20. Bxd7 Rxe1+ 21. Rxe1 Nb4 22. Qe3 h6 23. Bf5 Bc6 24. Qxc5 Qxc5 25. Bxc5 Na6 26. Bb6 d4 27. Ne4 Bd8 28. Bxd4 Bxa5 29. Rc1 Bb7 30. Nd6 Bd5 31. Rc8+ Rxc8 32. Bxc8 Nc7 33. Nf5 Be6 34. Ne7+ Kf8 35. Bc5 Ke8 36. Bb7 Bd2 37. h4 Bf4 38. b4 Be5 39. Nc6 Bf6 40. g3 Bd5 41. Na5 Bxb7 42. Nxb7 Kd7 43. Nd6 Be7 44. Ne4 Bxc5 45. Nxc5+ Kc6 46. Kg2 Kb5 47. Nd3 Nd5 48. Kf3 Nxb4 49. Ne5 f6 50. Ng4 Kc5 51. Ke4 Kd6 52. Kf5 Ke7 53. Kg6 Kf8 54. Ne3 Nd3 55. Nf5 Nxf2 56. Nxg7 Ne4 57. Nf5 h5 58. Kxh5 Kf7 59. Kh6 Nf2 60. Kh7 Ne4 61. Nh6+ Ke6 62. g4 Nd2 63. Kg7 Nf3 64. Nf5 Ke5 65. h5 Ng5 66. h6 Kf4 67. Nd6 Kxg4 68. Nf7 Ne6+ 69. Kxf6 Nf8 70. Kg7 Ne6+ 71. Kg8 1-0

[Event "Asian Continental-ch Women 2019"]
[Site "XingTai"]
[Date "2019.06.12"]
[Round "6.25"]
[White "Karavade, Eesha"]
[Black "Wang, Doudou"]
[Result "1-0"]
[ECO "A35"]
[WhiteElo "2370"]
[BlackElo "2188"]
[Annotator "NA"]
[PlyCount "81"]
[EventDate "2019.06.06"]
[EventType "swiss"]
[EventCountry "CHN"]
[SourceTitle "playchess.com"]
[Source "ChessBase"]
[SourceQuality "1"]
[TimeControl "40/5400+30:1800+30"]

1. Nf3 c5 2. c4 Nc6 3. Nc3 g6 4. e3 Bg7 5. d4 cxd4 6. exd4 d6 7. h3 Nf6 8. d5 Ne5 9. Nxe5 dxe5 10. Be3 O-O 11. Be2 Ne8 12. O-O Nd6 13. Bd3 Nf5 14. Bxf5 gxf5 15. f3 Kh8 16. Qd2 f4 17. Bf2 Rg8 18. Kh2 Qd6 19. Bh4 Bf8 20. Qf2 a6 21. c5 Qg6 22. Rad1 Bd7 23. d6 exd6 24. cxd6 Rc8 25. Ne4 Qf5 26. Rc1 Rxc1 27. Rxc1 Rg6 28. Rd1 Kg7 29. Be7 Bc6 30. Bxf8+ Kxf8 31. Nc5 Bd7 32. Nxd7+ Qxd7 33. Qc5 Re6 34. Qc7 Ke8 35. Qb8+ Qd8 36. d7+ Ke7 37. Qxb7 h6 38. Qe4 Kf6 39. Rd5 Kg7 40. Qf5 Qh4 41. Qg4+ 1-0

[Event "Asian Continental-ch Women 2019"]
[Site "XingTai"]
[Date "2019.06.13"]
[Round "7.18"]
[White "Kulkarni Bhakti"]
[Black "Sukandar, Irine Kharisma"]
[Result "0-1"]
[ECO "B22"]
[WhiteElo "2380"]
[BlackElo "2378"]
[Annotator "NA RC"]
[PlyCount "80"]
[EventDate "2019.06.06"]
[EventType "swiss"]
[EventCountry "CHN"]
[SourceTitle "playchess.com"]
[Source "ChessBase"]
[SourceQuality "1"]
[TimeControl "40/5400+30:1800+30"]

1. e4 c5 2. c3 Nf6 3. e5 Nd5 4. Nf3 e6 5. d4 cxd4 6. cxd4 d6 7. Bc4 Nc6 8. a3 Be7 9. O-O O-O 10. Qe2 b6 11. b4 Bb7 12. Ra2 Rc8 13. Rc2 a5 14. Bxd5 $11 exd5 15. b5 Na7 16. Nc3 dxe5 17. Nxe5 Bd6 18. Ng4 Re8 19. Qd3 Qh4 20. h3 Bb8 21. Qf5 Qd8 22. Ne3 Qd6 23. g3 Rcd8 24. a4 Bc8 25. Qh5 Be6 26. Bd2 Qd7 27. Kh2 Nc8 28. f4 g6 29. Qf3 Ne7 30. g4 f5 31. g5 Rc8 32. Rfc1 Qd6 33. Ncxd5 Nxd5 34. Rxc8 Bxc8 35. Nxd5 Bb7 36. Rc6 Bxc6 37. bxc6 Kf7 38. Nf6 Qxd4 39. Bc1 Re6 40. Nd7 Bc7 0-1

[Event "Asian Continental-ch Women 2019"]
[Site "XingTai"]
[Date "2019.06.13"]
[Round "7.20"]
[White "Munguntuul, Batkhuyag"]
[Black "Li, Xueyi"]
[Result "1-0"]
[ECO "B11"]
[WhiteElo "2420"]
[BlackElo "2305"]
[Annotator "NA RC"]
[PlyCount "83"]
[EventDate "2019.06.06"]
[EventType "swiss"]
[EventCountry "CHN"]
[SourceTitle "playchess.com"]
[Source "ChessBase"]
[SourceQuality "1"]
[TimeControl "40/5400+30:1800+30"]

1. e4 c6 2. Nc3 d5 3. Nf3 Nf6 4. e5 Ne4 5. Ne2 Qb6 6. d4 {[%emt 0:00:17] B11: Caro-Kann: Two Knights Variation} e6 7. Ng3 c5 8. Bd3 Nxg3 9. hxg3 cxd4 10. g4 (10. Ng5 Nc6 11. Nxh7 Bd7 12. Qe2 O-O-O 13. O-O {0-1 (30) Mamedov,R (2703)-Piorun,K (2634) St Petersburg 2018}) 10... Nc6 11. a3 Bd7 12. Qe2 Be7 $146 ({Predecessor:} 12... O-O-O 13. g5 {½-½ (41) Tanaka,T (2054)-Itkin,D (2239) Quebec 2018}) 13. g5 O-O-O 14. Bd2 f6 15. O-O-O Kb8 (15... Rdf8 $11) 16. gxf6 gxf6 17. exf6 Bxf6 18. Bf4+ Ka8 19. Ne5 Na5 20. Rh6 Rhf8 $16 21. Rxf6 Rxf6 22. Bg5 Rff8 23. Bxd8 Rxd8 24. Bxh7 Nc4 25. Nxc4 dxc4 26. Qxc4 Bb5 27. Qb3 Qc6 28. f3 a6 29. Be4 Qd7 30. g4 Rc8 31. Kb1 e5 32. Bf5 Qc7 33. Bxc8 Qxc8 34. Qd5 Qc7 35. Re1 Ba4 36. Qe4 Qc4 37. g5 Bc6 38. Qd3 Qd5 39. g6 Bb5 40. Qe4 Qd7 41. Rh1 Bc4 42. Qxe5 1-0

[Event "Asian Continental-ch Women 2019"]
[Site "XingTai"]
[Date "2019.06.13"]
[Round "7.23"]
[White "Li, Yunshan"]
[Black "Vo, Thi Kim Phung"]
[Result "1-0"]
[ECO "A63"]
[WhiteElo "2264"]
[BlackElo "2337"]
[Annotator "NA RC"]
[PlyCount "133"]
[EventDate "2019.06.06"]
[EventType "swiss"]
[EventCountry "CHN"]
[SourceTitle "playchess.com"]
[Source "ChessBase"]
[SourceQuality "1"]
[TimeControl "40/5400+30:1800+30"]

1. d4 Nf6 2. c4 e6 3. g3 c5 4. d5 exd5 $11 5. cxd5 d6 6. Nc3 g6 7. Bg2 Bg7 8. Nf3 O-O 9. O-O a6 10. a4 Re8 11. Re1 Nbd7 12. h3 Ne4 13. Nxe4 Rxe4 14. Qc2 Re8 15. Bf4 Nf6 16. e4 Nh5 17. Bd2 Bd7 18. Bc3 b5 19. Bxg7 Nxg7 20. e5 bxa4 21. exd6 Qf6 22. Nd2 Bf5 23. Qxa4 Qxb2 24. Rxe8+ Nxe8 25. Nc4 Qb4 26. Qc6 Rd8 27. Bf1 Bc8 28. Nb6 Qc3 29. Ra4 Nxd6 30. Nxc8 Nxc8 31. Rxa6 Nd6 32. Qc7 Qf6 33. Qxc5 Kg7 34. Qc7 Ne8 35. Qa5 Nd6 36. Qa1 Qxa1 37. Rxa1 g5 38. Ra4 Kf6 39. Bg2 h6 40. f4 Kf5 41. Kh2 Kf6 42. g4 gxf4 43. Rxf4+ Ke5 44. Rf1 f5 45. Kg3 fxg4 46. hxg4 h5 47. Re1+ Kf6 48. Re6+ Kf7 49. gxh5 Rg8+ 50. Kf2 Ne8 51. Be4 Nf6 52. Bg6+ Kg7 53. d6 Rh8 54. Ke3 Nxh5 55. Bxh5 Rxh5 56. Ke4 Rh1 57. Kd5 Kf7 58. Re4 Rd1+ 59. Kc6 Rc1+ 60. Kb7 Rd1 61. Kc7 Rc1+ 62. Kd8 Rd1 63. d7 Rd2 64. Re7+ Kf8 65. Re8+ Kf7 66. Kc7 Rc2+ 67. Kb6 1-0